Carnivores vs Tamiflu
Created - 26 janvier 2016 at 19:53
Goals
|
| Carnivores |
0 |
1 |
0 |
1 |
| Tamiflu |
1 |
2 |
0 |
3 |
|
Shots
|
| Carnivores |
6 |
5 |
12 |
23 |
| Tamiflu |
5 |
13 |
9 |
27 |
|
1st period
1. Tamiflu , Garrett Wilson 2 (Mattias Tedenby) at 2:38
Penalties :
No Penalty
2nd period
2. Tamiflu , Mattias Tedenby 14 (Jonathan Sigalet, Philippe Dupuis) at 0:47
3. Tamiflu , Mattias Tedenby 15 (Philippe Dupuis, Jonathan Sigalet) at 5:16
4. Carnivores , Anton Gustafsson 18 (Bobby Sanguinetti, Joffrey Lupul) at 7:45
Penalties :
Philippe Dupuis (Det) for Holding Stick (Minor) at 11:27, Mattias Tedenby (Det) for Hooking (Minor) at 16:52
3rd period
No Goal
Penalties :
Ben Hanowski (Det) for Hooking (Minor) at 9:40, Mattias Tedenby (Det) for Attempt to injure (Major / Game Misconduct) at 11:53, Nino Niederreiter (Det) for Goalie Interference (Minor) at 18:55
Goalie Stats
Steve Mason (Bre), 8 saves from 11 shots - (0,727), L, 5-5-1, 25:16 minutes
Martin Houle (Bre), 16 saves from 16 shots - (1,000), 34:44 minutes
Mike McKenna (Det), 22 saves from 23 shots - (0,957), W, 12-14-4, 60:00 minutes
Players Stats for Carnivores
Player Name G A P +/- PIM S H SB GA TA FO MP PP MP PK MP
------------------------------------------------------------------------------------
Adam Almquist 0 0 0 0 0 0 0 0 0 0 0/0 0:00 0:00 0:00
Anton Gustafsson 1 0 1 0 0 5 2 1 0 0 3/14 19:23 4:56 0:00
Billy Sweat 0 0 0 0 0 0 0 0 0 0 0/0 0:00 0:00 0:00
Blake Geoffrion 0 0 0 0 0 3 1 0 0 0 2/2 19:18 5:31 0:00
Bobby Sanguinetti 0 1 1 0 0 2 0 0 1 0 0/0 24:02 6:47 0:00
Brendan Gallagher 0 0 0 0 0 0 0 1 0 0 0/0 19:22 5:04 0:00
Chris Butler 0 0 0 0 0 0 0 0 0 0 0/0 10:54 0:46 0:00
Chris Lawrence 0 0 0 0 0 4 2 1 0 0 1/1 19:58 5:31 0:00
Colton Orr 0 0 0 -1 0 0 1 0 1 0 0/1 13:37 1:25 0:00
Frederic St-Denis 0 0 0 0 0 0 1 0 0 1 0/0 10:02 0:00 0:00
Jeremy Welsh 0 0 0 -1 0 0 0 0 1 0 0/0 9:18 0:00 0:00
Joffrey Lupul 0 1 1 0 0 1 3 0 0 1 1/1 19:26 5:21 0:00
John Moore 0 0 0 0 0 3 1 1 1 0 0/0 24:02 6:47 0:00
Lane MacDermid 0 0 0 -1 0 0 0 0 0 2 0/0 12:52 1:08 0:00
Mikael Granlund 0 0 0 -1 0 5 1 1 1 0 7/18 24:14 5:31 0:00
Patrick McNeill 0 0 0 0 0 0 0 0 0 0 0/0 5:35 0:46 0:00
Phil Oreskovic 0 0 0 -2 0 0 1 0 0 0 0/0 20:21 4:27 0:00
Sasha Pokulok 0 0 0 -2 0 0 0 2 0 0 0/0 20:21 4:27 0:00
Vaclav Varada 0 0 0 -1 0 0 0 0 0 0 1/1 8:25 0:00 0:00
Zach Jones 0 0 0 0 0 0 0 0 0 0 0/0 4:49 0:00 0:00
Zack Smith 0 0 0 -1 0 0 2 0 0 0 2/4 14:01 1:33 0:00
Players Stats for Tamiflu
Player Name G A P +/- PIM S H SB GA TA FO MP PP MP PK MP
------------------------------------------------------------------------------------
Ben Hanowski 0 0 0 0 2 0 0 0 1 0 0/0 3:47 0:00 0:00
Casey Wellman 0 0 0 -1 0 3 1 0 0 0 10/17 16:15 0:00 0:00
Garrett Wilson 1 0 1 3 0 1 2 0 0 1 1/1 16:08 0:00 3:53
Greg McKegg 0 0 0 3 0 0 1 1 0 1 2/4 14:28 0:00 2:15
Jan Mursak 0 0 0 -1 0 1 3 0 1 1 1/1 20:14 0:00 3:55
Jonathan Sigalet 0 2 2 1 0 1 0 2 1 1 0/0 24:59 0:00 6:31
Jordan Hendry 0 0 0 0 0 0 0 2 0 0 0/0 20:59 0:00 4:26
Justin Braun 0 0 0 1 0 1 0 0 0 0 0/0 12:20 0:00 0:00
Kyle Lawson 0 0 0 0 0 3 1 0 0 0 0/0 20:08 0:00 4:26
Mattias Tedenby 2 1 3 3 17 5 0 0 1 0 0/0 13:06 0:00 1:09
Mike Duco 0 0 0 0 0 3 2 1 0 0 0/1 22:47 0:00 5:26
Nathan Oystrick 0 0 0 0 0 0 0 1 0 1 0/0 22:04 0:00 6:35
Nino Niederreiter 0 0 0 0 2 1 0 0 0 0 1/1 4:25 0:00 0:00
Petr Pohl 0 0 0 -1 0 3 0 0 0 0 4/7 23:00 0:00 5:38
Philippe Dupuis 0 2 2 0 2 1 1 0 0 0 6/10 16:51 0:00 0:53
Stefan Elliott 0 0 0 1 0 0 0 0 0 0 0/0 5:28 0:00 0:59
Tye McGinn 0 0 0 0 0 3 1 0 0 0 0/0 16:54 0:00 0:51
Zach Trotman 0 0 0 1 0 1 0 1 0 0 0/0 14:02 0:00 1:03
3 Stars
1 - Garrett Wilson (Det)
2 - Mike McKenna (Det)
3 - Jonathan Sigalet (Det)
Power Play
Carnivores - 0 on 5 Attempt(s) - 0,00%
Tamiflu - 0 on 0 Attempt(s) - 0,00%
Penalty Kill
Carnivores - 0 on 0 Attempt(s) - 0,00%
- Score 0 goal in Penalty Kill
Tamiflu - 5 on 5 Attempt(s) - 100,00%
- Score 0 goal in Penalty Kill
Team Stat
Carnivores - Hits : 15 - Faceoff Wins : 17 - Blocked Shots : 7 - Penalty Minutes : 0
Tamiflu - Hits : 12 - Faceoff Wins : 25 - Blocked Shots : 8 - Penalty Minutes : 23
Official
Referees : L'Ecuyer Frederick and Joannette Marc
Linesman : Don Henderson and Shane Heyer
Game Notes
Martin Houle enters game at 5:16 of 2nd period
Mattias Tedenby ejected from game at 11:53 of 3rd period
Mattias Tedenby from Tamiflu is suspended for 3 game(s)
Finance
Level 1 -- Attendance: 1435 (71,75%) -- Ticket Income 43 050 $
Level 2 -- Attendance: 715 (71,50%) -- Ticket Income 8 580 $
Total Attendance: 2150 (71,67%)
Total Ticket Income: 51 630 $
Other Income: 2 582 $
Total Income: 54 212 $
Carnivores
5 vs 5 Forward
Center Left Wing Right Wing Time % Phy DF OF
1 Mikael Granlund Blake Geoffrion Chris Lawrence 39 1 2 2
2 Anton Gustafsson Joffrey Lupul Brendan Gallagher 30 1 2 2
3 Mikael Granlund Jeremy Welsh Vaclav Varada 20 1 2 2
4 Zack Smith Lane MacDermid Colton Orr 11 3 0 2
5 vs 5 Defense
Defense Defense Time % Phy DF OF
1 Bobby Sanguinetti John Moore 40 1 2 2
2 Phil Oreskovic Sasha Pokulok 30 1 2 2
3 Chris Butler Frederic St-Denis 20 1 2 2
4 Patrick McNeill Zach Jones 10 1 2 2
PowerPlay Forward
Center Left Wing Right Wing Time % Phy DF OF
1 Anton Gustafsson Joffrey Lupul Brendan Gallagher 53 1 1 3
2 Mikael Granlund Blake Geoffrion Chris Lawrence 47 1 1 3
PowerPlay Defense
Defense Defense Time % Phy DF OF
1 Bobby Sanguinetti John Moore 60 1 1 3
2 Phil Oreskovic Sasha Pokulok 40 1 1 3
Penalty Kill 4 Players Forward
Center Wing Time % Phy DF OF
1 Mikael Granlund Vaclav Varada 60 1 3 1
2 Anton Gustafsson Chris Lawrence 40 1 3 1
Penalty Kill 4 Players Defense
Defense Defense Time % Phy DF OF
1 Bobby Sanguinetti John Moore 60 1 3 1
2 Phil Oreskovic Sasha Pokulok 40 1 3 1
Penalty Kill - 3 Players Forward
Forward Time % Phy DF OF
1 Vaclav Varada 60 1 4 0
2 Chris Lawrence 40 1 4 0
Penalty Kill - 3 Players Defense
Defense Defense Time % Phy DF OF
1 Bobby Sanguinetti John Moore 60 2 3 0
2 Phil Oreskovic Sasha Pokulok 40 2 3 0
4 vs 4 Forward
Center Wing Time % Phy DF OF
1 Mikael Granlund Blake Geoffrion 60 1 2 2
2 Anton Gustafsson Brendan Gallagher 40 1 2 2
4 vs 4 Defense
Defense Defense Time % Phy DF OF
1 Bobby Sanguinetti John Moore 60 1 2 2
2 Phil Oreskovic Sasha Pokulok 40 1 2 2
Last Minutes Offensive
Center Left Wing Right Wing Defense Defense
Mikael Granlund Blake Geoffrion Chris Lawrence Phil Oreskovic John Moore
Last Minutes Defensive
Center Left Wing Right Wing Defense Defense
Anton Gustafsson Lane MacDermid Vaclav Varada Sasha Pokulok John Moore
Goaltenders
Starting : Steve Mason
Backup : Martin Houle
Extra Forwards
Normal : Jeremy Welsh, Chris Lawrence, Vaclav Varada - PP : Mikael Granlund, Chris Lawrence - PK : Mikael Granlund
Extra Defensemen
Normal : John Moore, Sasha Pokulok, Frederic St-Denis - PP : Patrick McNeill - PK : Sasha Pokulok, Frederic St-Denis
Penalty Shots
Mikael Granlund, Joffrey Lupul, Blake Geoffrion, Chris Lawrence, Brendan Gallagher
Tamiflu
5 vs 5 Forward
Center Left Wing Right Wing Time % Phy DF OF
1 Casey Wellman Jan Mursak Petr Pohl 40 1 2 2
2 Philippe Dupuis Tye McGinn Mike Duco 30 1 2 2
3 Greg McKegg Garrett Wilson Mattias Tedenby 20 1 2 2
4 Petr Pohl Mike Duco Ben Hanowski 10 1 2 2
5 vs 5 Defense
Defense Defense Time % Phy DF OF
1 Jonathan Sigalet Nathan Oystrick 40 1 2 2
2 Jordan Hendry Kyle Lawson 30 1 2 2
3 Justin Braun Zach Trotman 20 1 2 2
4 Stefan Elliott Jonathan Sigalet 10 1 2 2
PowerPlay Forward
Center Left Wing Right Wing Time % Phy DF OF
1 Casey Wellman Jan Mursak Petr Pohl 60 1 2 2
2 Philippe Dupuis Tye McGinn Mike Duco 40 1 2 2
PowerPlay Defense
Defense Defense Time % Phy DF OF
1 Jonathan Sigalet Nathan Oystrick 60 1 2 2
2 Jordan Hendry Kyle Lawson 40 1 2 2
Penalty Kill 4 Players Forward
Center Wing Time % Phy DF OF
1 Petr Pohl Mike Duco 60 1 2 2
2 Mattias Tedenby Jan Mursak 40 1 2 2
Penalty Kill 4 Players Defense
Defense Defense Time % Phy DF OF
1 Jonathan Sigalet Nathan Oystrick 60 1 2 2
2 Jordan Hendry Kyle Lawson 40 1 2 2
Penalty Kill - 3 Players Forward
Forward Time % Phy DF OF
1 Petr Pohl 60 1 2 2
2 Mike Duco 40 1 2 2
Penalty Kill - 3 Players Defense
Defense Defense Time % Phy DF OF
1 Jonathan Sigalet Nathan Oystrick 60 1 2 2
2 Jordan Hendry Kyle Lawson 40 1 2 2
4 vs 4 Forward
Center Wing Time % Phy DF OF
1 Petr Pohl Mike Duco 60 1 2 2
2 Mattias Tedenby Jan Mursak 40 1 2 2
4 vs 4 Defense
Defense Defense Time % Phy DF OF
1 Jonathan Sigalet Nathan Oystrick 60 1 2 2
2 Jordan Hendry Kyle Lawson 40 1 2 2
Last Minutes Offensive
Center Left Wing Right Wing Defense Defense
Casey Wellman Jan Mursak Petr Pohl Jonathan Sigalet Nathan Oystrick
Last Minutes Defensive
Center Left Wing Right Wing Defense Defense
Casey Wellman Jan Mursak Petr Pohl Jonathan Sigalet Nathan Oystrick
Goaltenders
Starting : Mike McKenna
Backup : Joe Fallon
Extra Forwards
Normal : Nino Niederreiter, Ben Hanowski, Garrett Wilson - PP : Nino Niederreiter, Ben Hanowski - PK : Garrett Wilson
Extra Defensemen
Normal : Justin Braun, Zach Trotman, Stefan Elliott - PP : Justin Braun - PK : Zach Trotman, Stefan Elliott
Penalty Shots
Petr Pohl, Mike Duco, Mattias Tedenby, Jan Mursak, Tye McGinn
% Time on Ice - Carnivores
Lines # - Real PCT - Wanted PCT - Time Play
Normal Forward
1 - 29% - 39% - 14:04
2 - 31% - 30% - 14:40
3 - 16% - 20% - 7:43
4 - 24% - 11% - 11:33
Normal Defense
1 - 36% - 40% - 17:15
2 - 33% - 30% - 15:54
3 - 21% - 20% - 10:02
4 - 10% - 10% - 4:49
PP Forward
1 - 54% - 53% - 6:29
2 - 46% - 47% - 5:31
PP Defense
1 - 63% - 60% - 7:33
2 - 37% - 40% - 4:27
PK Forward
1 - 0% - 60%
2 - 0% - 40%
PK Defense
1 - 0% - 60%
2 - 0% - 40%
PK3 Forward
1 - 0% - 60%
2 - 0% - 40%
PK3 Defense
1 - 0% - 60%
2 - 0% - 40%
44 Forward
1 - 0% - 60%
2 - 0% - 40%
44 Defense
1 - 0% - 60%
2 - 0% - 40%
Last Minute Offensive - 0:00
Last Minute Defensive - 0:00
Total
Forward - 60:00
Defense - 60:00
|
% Time on Ice - Tamiflu
Lines # - Real PCT - Wanted PCT - Time Play
Normal Forward
1 - 35% - 40% - 16:43
2 - 33% - 30% - 15:59
3 - 25% - 20% - 12:13
4 - 6% - 10% - 3:05
Normal Defense
1 - 32% - 40% - 15:29
2 - 33% - 30% - 15:42
3 - 26% - 20% - 12:20
4 - 9% - 10% - 4:29
PP Forward
1 - 0% - 60%
2 - 0% - 40%
PP Defense
1 - 0% - 60%
2 - 0% - 40%
PK Forward
1 - 67% - 60% - 8:05
2 - 33% - 40% - 3:55
PK Defense
1 - 63% - 60% - 7:34
2 - 37% - 40% - 4:26
PK3 Forward
1 - 0% - 60%
2 - 0% - 40%
PK3 Defense
1 - 0% - 60%
2 - 0% - 40%
44 Forward
1 - 0% - 60%
2 - 0% - 40%
44 Defense
1 - 0% - 60%
2 - 0% - 40%
Last Minute Offensive - 0:00
Last Minute Defensive - 0:00
Total
Forward - 60:00
Defense - 60:00
|
Play by Play
1st period
0:01 of 1st period - Casey Wellman wins face-off versus Mikael Granlund in neutral zone.
1:09 of 1st period - Backhand shot by Petr Pohl.
1:09 of 1st period - Shot Misses the Net.
1:14 of 1st period - Off-side.
1:15 of 1st period - Casey Wellman wins face-off versus Anton Gustafsson in neutral zone.
2:03 of 1st period - Snap shot by Lane MacDermid.
2:03 of 1st period - Shot Blocked by Mike Duco.
2:05 of 1st period - Slapshot by John Moore.
2:05 of 1st period - Shot Misses the Net.
2:07 of 1st period - Slapshot by Bobby Sanguinetti.
2:07 of 1st period - Shot Blocked by Jordan Hendry.
2:21 of 1st period - John Moore is hit by Casey Wellman and loses puck.
2:38 of 1st period - Slapshot by Garrett Wilson.
2:38 of 1st period - Goal by Garrett Wilson - Carnivores : 0 - Tamiflu : 1.
2:39 of 1st period - Petr Pohl wins face-off versus Mikael Granlund in neutral zone.
3:49 of 1st period - Snap shot by Mikael Granlund.
3:49 of 1st period - Stopped by Mike McKenna with a rebound.
3:51 of 1st period - Snap shot by Chris Lawrence.
3:51 of 1st period - Stopped by Mike McKenna without a rebound.
3:52 of 1st period - Philippe Dupuis wins face-off versus Mikael Granlund in Tamiflu zone.
4:01 of 1st period - Snap shot by Mike Duco.
4:01 of 1st period - Stopped by Steve Mason without a rebound.
4:02 of 1st period - Philippe Dupuis wins face-off versus Mikael Granlund in Carnivores zone.
4:35 of 1st period - Petr Pohl is hit by John Moore and loses puck.
5:29 of 1st period - Wrist shot by Joffrey Lupul.
5:29 of 1st period - Shot Misses the Net.
7:12 of 1st period - Slapshot by Chris Lawrence.
7:12 of 1st period - Shot Misses the Net.
7:14 of 1st period - Snap shot by Chris Lawrence.
7:14 of 1st period - Stopped by Mike McKenna with a rebound.
7:16 of 1st period - Snap shot by Jeremy Welsh.
7:16 of 1st period - Shot Blocked by Zach Trotman.
7:26 of 1st period - Slapshot by Justin Braun.
7:26 of 1st period - Shot Blocked by Sasha Pokulok.
8:51 of 1st period - Bobby Sanguinetti is hit by Jan Mursak and loses puck.
9:25 of 1st period - Icing by Jordan Hendry.
9:26 of 1st period - Blake Geoffrion wins face-off versus Philippe Dupuis in Tamiflu zone.
9:39 of 1st period - Frederic St-Denis is hit by Jan Mursak and loses puck.
10:05 of 1st period - Snap shot by Mattias Tedenby.
10:05 of 1st period - Stopped by Steve Mason with a rebound.
10:19 of 1st period - Frederic St-Denis is hit by Tye McGinn and loses puck.
10:32 of 1st period - Snap shot by Anton Gustafsson.
10:32 of 1st period - Stopped by Mike McKenna without a rebound.
10:33 of 1st period - Casey Wellman wins face-off versus Anton Gustafsson in Tamiflu zone.
10:44 of 1st period - Snap shot by Jan Mursak.
10:44 of 1st period - Deflect By Petr Pohl.
10:44 of 1st period - Stopped by Steve Mason without a rebound.
10:45 of 1st period - Anton Gustafsson wins face-off versus Philippe Dupuis in Carnivores zone.
11:10 of 1st period - Jonathan Sigalet is hit by Chris Lawrence.
11:36 of 1st period - Nathan Oystrick is hit by Colton Orr and loses puck.
12:01 of 1st period - Jeremy Welsh is hit by Mike Duco and loses puck.
12:27 of 1st period - Snap shot by Joffrey Lupul.
12:27 of 1st period - Stopped by Mike McKenna with a rebound.
12:37 of 1st period - Chris Lawrence is hit by Garrett Wilson and loses puck.
12:50 of 1st period - Wrist shot by Lane MacDermid.
12:50 of 1st period - Shot Misses the Net.
13:06 of 1st period - Frederic St-Denis is hit by Greg McKegg and loses puck.
14:07 of 1st period - Mikael Granlund is hit by Jan Mursak and loses puck.
14:24 of 1st period - Snap shot by Tye McGinn.
14:24 of 1st period - Deflect By Nino Niederreiter.
14:24 of 1st period - Stopped by Steve Mason with a rebound.
14:26 of 1st period - Snap shot by Nino Niederreiter.
14:26 of 1st period - Shot Misses the Net.
15:50 of 1st period - Slapshot by Joffrey Lupul.
15:50 of 1st period - Shot Misses the Net.
17:09 of 1st period - Slapshot by Chris Lawrence.
17:09 of 1st period - Stopped by Mike McKenna with a rebound.
17:35 of 1st period - Snap shot by Mattias Tedenby.
17:35 of 1st period - Shot Misses the Net.
18:27 of 1st period - Greg McKegg is hit by Joffrey Lupul and loses puck.
19:36 of 1st period - Justin Braun is hit by Anton Gustafsson and loses puck.
Goals for this period are 0 for Carnivores vs 1 for Tamiflu.
Shots for this period are 6 for Carnivores vs 5 for Tamiflu.
2nd period
0:01 of 2nd period - Casey Wellman wins face-off versus Mikael Granlund in neutral zone.
0:08 of 2nd period - Snap shot by Jan Mursak.
0:08 of 2nd period - Shot Misses the Net.
0:26 of 2nd period - Joffrey Lupul is hit by Philippe Dupuis and loses puck.
0:47 of 2nd period - Wrist shot by Mattias Tedenby.
0:47 of 2nd period - Goal by Mattias Tedenby - Carnivores : 0 - Tamiflu : 2.
0:48 of 2nd period - Mikael Granlund wins face-off versus Casey Wellman in neutral zone.
0:51 of 2nd period - Slapshot by Bobby Sanguinetti.
0:51 of 2nd period - Deflect By Mikael Granlund.
0:51 of 2nd period - Stopped by Mike McKenna without a rebound.
0:52 of 2nd period - Mikael Granlund wins face-off versus Casey Wellman in Tamiflu zone.
0:53 of 2nd period - Backhand shot by Blake Geoffrion.
0:53 of 2nd period - Shot Misses the Net.
0:59 of 2nd period - Backhand shot by Casey Wellman.
0:59 of 2nd period - Shot Misses the Net.
1:17 of 2nd period - Slapshot by Mike Duco.
1:17 of 2nd period - Shot Misses the Net.
1:19 of 2nd period - Backhand shot by Jordan Hendry.
1:19 of 2nd period - Shot Blocked by Brendan Gallagher.
1:21 of 2nd period - Slapshot by Tye McGinn.
1:21 of 2nd period - Stopped by Steve Mason with a rebound.
1:23 of 2nd period - Snap shot by Tye McGinn.
1:23 of 2nd period - Stopped by Steve Mason without a rebound.
1:24 of 2nd period - Mikael Granlund wins face-off versus Philippe Dupuis in Carnivores zone.
1:33 of 2nd period - Slapshot by Chris Lawrence.
1:33 of 2nd period - Shot Misses the Net.
1:39 of 2nd period - Snap shot by Blake Geoffrion.
1:39 of 2nd period - Shot Blocked by Nathan Oystrick.
1:51 of 2nd period - Philippe Dupuis is hit by Zack Smith and loses puck.
2:08 of 2nd period - Wrist shot by Mike Duco.
2:08 of 2nd period - Stopped by Steve Mason with a rebound.
2:21 of 2nd period - Slapshot by Jonathan Sigalet.
2:21 of 2nd period - Deflect By Tye McGinn.
2:21 of 2nd period - Stopped by Steve Mason without a rebound.
2:22 of 2nd period - Mikael Granlund wins face-off versus Petr Pohl in Carnivores zone.
2:27 of 2nd period - Wrist shot by Jan Mursak.
2:27 of 2nd period - Shot Blocked by Chris Lawrence.
2:29 of 2nd period - Slapshot by Jordan Hendry.
2:29 of 2nd period - Deflect By Petr Pohl.
2:29 of 2nd period - Shot Misses the Net.
2:29 of 2nd period - Puck is out of play.
2:30 of 2nd period - Mikael Granlund wins face-off versus Casey Wellman in Carnivores zone.
4:01 of 2nd period - Zach Trotman is hit by Joffrey Lupul and loses puck.
4:22 of 2nd period - Backhand shot by John Moore.
4:22 of 2nd period - Stopped by Mike McKenna with a rebound.
5:06 of 2nd period - Wrist shot by Brendan Gallagher.
5:06 of 2nd period - Shot Misses the Net.
5:16 of 2nd period - Slapshot by Mattias Tedenby.
5:16 of 2nd period - Goal by Mattias Tedenby - Carnivores : 0 - Tamiflu : 3.
5:16 of 2nd period - Martin Houle enters game.
5:17 of 2nd period - Casey Wellman wins face-off versus Mikael Granlund in neutral zone.
5:44 of 2nd period - Brendan Gallagher is hit by Kyle Lawson and loses puck.
5:49 of 2nd period - Wrist shot by Mike Duco.
5:49 of 2nd period - Deflect By Philippe Dupuis.
5:49 of 2nd period - Shot Misses the Net.
5:49 of 2nd period - Puck is out of play.
5:50 of 2nd period - Chris Lawrence wins face-off versus Casey Wellman in Carnivores zone.
6:28 of 2nd period - Anton Gustafsson is hit by Mike Duco.
6:49 of 2nd period - Wrist shot by Mike Duco.
6:49 of 2nd period - Shot Misses the Net.
6:51 of 2nd period - Slapshot by Justin Braun.
6:51 of 2nd period - Stopped by Martin Houle with a rebound.
6:53 of 2nd period - Snap shot by Tye McGinn.
6:53 of 2nd period - Shot Blocked by Mikael Granlund.
6:55 of 2nd period - Slapshot by Philippe Dupuis.
6:55 of 2nd period - Shot Misses the Net.
6:57 of 2nd period - Wrist shot by Tye McGinn.
6:57 of 2nd period - Shot Blocked by Sasha Pokulok.
6:59 of 2nd period - Wrist shot by Zach Trotman.
6:59 of 2nd period - Stopped by Martin Houle with a rebound.
7:33 of 2nd period - Off-side.
7:34 of 2nd period - Casey Wellman wins face-off versus Anton Gustafsson in neutral zone.
7:43 of 2nd period - Slapshot by Anton Gustafsson.
7:43 of 2nd period - Stopped by Mike McKenna with a rebound.
7:45 of 2nd period - Snap shot by Anton Gustafsson.
7:45 of 2nd period - Goal by Anton Gustafsson - Carnivores : 1 - Tamiflu : 3.
7:46 of 2nd period - Casey Wellman wins face-off versus Anton Gustafsson in neutral zone.
7:49 of 2nd period - Wrist shot by Petr Pohl.
7:49 of 2nd period - Stopped by Martin Houle with a rebound.
8:01 of 2nd period - Snap shot by Anton Gustafsson.
8:01 of 2nd period - Stopped by Mike McKenna without a rebound.
8:02 of 2nd period - Greg McKegg wins face-off versus Mikael Granlund in Tamiflu zone.
8:07 of 2nd period - Slapshot by Jonathan Sigalet.
8:07 of 2nd period - Shot Misses the Net.
8:38 of 2nd period - Jan Mursak is hit by Joffrey Lupul and loses puck.
10:19 of 2nd period - Icing by Mattias Tedenby.
10:20 of 2nd period - Joffrey Lupul wins face-off versus Greg McKegg in Tamiflu zone.
10:23 of 2nd period - Slapshot by Joffrey Lupul.
10:23 of 2nd period - Shot Blocked by Greg McKegg.
10:29 of 2nd period - Wrist shot by Mattias Tedenby.
10:29 of 2nd period - Stopped by Martin Houle with a rebound.
10:31 of 2nd period - Wrist shot by Garrett Wilson.
10:31 of 2nd period - Shot Misses the Net.
10:33 of 2nd period - Snap shot by Garrett Wilson.
10:33 of 2nd period - Shot Blocked by Anton Gustafsson.
11:09 of 2nd period - Slapshot by Jan Mursak.
11:09 of 2nd period - Shot Misses the Net.
11:11 of 2nd period - Slapshot by Kyle Lawson.
11:11 of 2nd period - Stopped by Martin Houle with a rebound.
11:13 of 2nd period - Backhand shot by Kyle Lawson.
11:13 of 2nd period - Stopped by Martin Houle with a rebound.
11:15 of 2nd period - Slapshot by Kyle Lawson.
11:15 of 2nd period - Stopped by Martin Houle with a rebound.
11:25 of 2nd period - Snap shot by Joffrey Lupul.
11:25 of 2nd period - Shot Blocked by Jonathan Sigalet.
11:27 of 2nd period - Minor Penalty to Philippe Dupuis for Holding Stick.
11:28 of 2nd period - Anton Gustafsson wins face-off versus Mike Duco in Tamiflu zone.
12:02 of 2nd period - Jonathan Sigalet is hit by Blake Geoffrion and loses puck.
13:17 of 2nd period - Jonathan Sigalet is hit by Chris Lawrence and loses puck.
13:27 of 2nd period - Penalty to Philippe Dupuis is over, Philippe Dupuis is back on ice.
16:52 of 2nd period - Minor Penalty to Mattias Tedenby for Hooking.
16:53 of 2nd period - Petr Pohl wins face-off versus Anton Gustafsson in Tamiflu zone.
17:17 of 2nd period - Blake Geoffrion is hit by Garrett Wilson and loses puck.
18:52 of 2nd period - Penalty to Mattias Tedenby is over, Mattias Tedenby is back on ice.
19:59 of 2nd period - Icing by Chris Butler.
Goals for this period are 1 for Carnivores vs 2 for Tamiflu.
Shots for this period are 5 for Carnivores vs 13 for Tamiflu.
3rd period
0:01 of 3rd period - Mikael Granlund wins face-off versus Casey Wellman in neutral zone.
0:10 of 3rd period - Snap shot by Blake Geoffrion.
0:10 of 3rd period - Stopped by Mike McKenna with a rebound.
0:12 of 3rd period - Snap shot by Blake Geoffrion.
0:12 of 3rd period - Stopped by Mike McKenna with a rebound.
0:16 of 3rd period - Snap shot by Mikael Granlund.
0:16 of 3rd period - Stopped by Mike McKenna with a rebound.
0:51 of 3rd period - Snap shot by Mattias Tedenby.
0:51 of 3rd period - Stopped by Martin Houle without a rebound.
0:52 of 3rd period - Casey Wellman wins face-off versus Mikael Granlund in Carnivores zone.
1:19 of 3rd period - Wrist shot by Mike Duco.
1:19 of 3rd period - Stopped by Martin Houle without a rebound.
1:20 of 3rd period - Philippe Dupuis wins face-off versus Anton Gustafsson in Carnivores zone.
1:23 of 3rd period - Wrist shot by Mike Duco.
1:23 of 3rd period - Shot Misses the Net.
2:06 of 3rd period - Icing by Justin Braun.
2:07 of 3rd period - Zack Smith wins face-off versus Casey Wellman in Tamiflu zone.
2:16 of 3rd period - Wrist shot by Petr Pohl.
2:16 of 3rd period - Shot Blocked by John Moore.
2:18 of 3rd period - Snap shot by Casey Wellman.
2:18 of 3rd period - Stopped by Martin Houle with a rebound.
2:20 of 3rd period - Snap shot by Petr Pohl.
2:20 of 3rd period - Stopped by Martin Houle with a rebound.
2:22 of 3rd period - Backhand shot by Zach Trotman.
2:22 of 3rd period - Shot Misses the Net.
2:24 of 3rd period - Slapshot by Casey Wellman.
2:24 of 3rd period - Stopped by Martin Houle with a rebound.
2:26 of 3rd period - Slapshot by Casey Wellman.
2:26 of 3rd period - Stopped by Martin Houle without a rebound.
2:27 of 3rd period - Philippe Dupuis wins face-off versus Mikael Granlund in Carnivores zone.
2:42 of 3rd period - Nathan Oystrick is hit by Mikael Granlund and loses puck.
3:05 of 3rd period - Snap shot by Mikael Granlund.
3:05 of 3rd period - Stopped by Mike McKenna with a rebound.
3:27 of 3rd period - Slapshot by Mikael Granlund.
3:27 of 3rd period - Stopped by Mike McKenna with a rebound.
3:29 of 3rd period - Slapshot by Blake Geoffrion.
3:29 of 3rd period - Shot Blocked by Jordan Hendry.
3:31 of 3rd period - Slapshot by Bobby Sanguinetti.
3:31 of 3rd period - Stopped by Mike McKenna with a rebound.
3:33 of 3rd period - Wrist shot by Chris Lawrence.
3:33 of 3rd period - Shot Misses the Net.
3:35 of 3rd period - Slapshot by Blake Geoffrion.
3:35 of 3rd period - Stopped by Mike McKenna with a rebound.
3:39 of 3rd period - Slapshot by Chris Lawrence.
3:39 of 3rd period - Stopped by Mike McKenna with a rebound.
3:41 of 3rd period - Snap shot by Mikael Granlund.
3:41 of 3rd period - Shot Misses the Net.
3:43 of 3rd period - Snap shot by Chris Lawrence.
3:43 of 3rd period - Shot Misses the Net.
3:45 of 3rd period - Snap shot by Blake Geoffrion.
3:45 of 3rd period - Deflect By Chris Lawrence.
3:45 of 3rd period - Shot Misses the Net.
3:45 of 3rd period - Puck is out of play.
3:46 of 3rd period - Philippe Dupuis wins face-off versus Anton Gustafsson in Tamiflu zone.
3:53 of 3rd period - Wrist shot by Mike Duco.
3:53 of 3rd period - Deflect By Philippe Dupuis.
3:53 of 3rd period - Stopped by Martin Houle with a rebound.
3:55 of 3rd period - Snap shot by Philippe Dupuis.
3:55 of 3rd period - Shot Misses the Net.
3:57 of 3rd period - Slapshot by Jonathan Sigalet.
3:57 of 3rd period - Stopped by Martin Houle without a rebound.
3:58 of 3rd period - Philippe Dupuis wins face-off versus Anton Gustafsson in Carnivores zone.
4:45 of 3rd period - Wrist shot by Anton Gustafsson.
4:45 of 3rd period - Stopped by Mike McKenna without a rebound.
4:46 of 3rd period - Jan Mursak wins face-off versus Zack Smith in Tamiflu zone.
4:51 of 3rd period - Wrist shot by Petr Pohl.
4:51 of 3rd period - Deflect By Jan Mursak.
4:51 of 3rd period - Shot Misses the Net.
4:51 of 3rd period - Puck is out of play.
4:52 of 3rd period - Casey Wellman wins face-off versus Colton Orr in Carnivores zone.
4:57 of 3rd period - Slapshot by Jordan Hendry.
4:57 of 3rd period - Shot Misses the Net.
6:53 of 3rd period - Garrett Wilson is hit by Anton Gustafsson and loses puck.
7:10 of 3rd period - Snap shot by Zack Smith.
7:10 of 3rd period - Shot Misses the Net.
7:12 of 3rd period - Wrist shot by Sasha Pokulok.
7:12 of 3rd period - Shot Blocked by Jonathan Sigalet.
8:02 of 3rd period - Slapshot by John Moore.
8:02 of 3rd period - Stopped by Mike McKenna without a rebound.
8:03 of 3rd period - Casey Wellman wins face-off versus Anton Gustafsson in Tamiflu zone.
8:10 of 3rd period - Snap shot by Jan Mursak.
8:10 of 3rd period - Stopped by Martin Houle with a rebound.
8:28 of 3rd period - Garrett Wilson is hit by Frederic St-Denis and loses puck.
8:43 of 3rd period - Mike Duco is hit by Zack Smith and loses puck.
9:40 of 3rd period - Minor Penalty to Ben Hanowski for Hooking.
9:41 of 3rd period - Anton Gustafsson wins face-off versus Petr Pohl in Tamiflu zone.
11:35 of 3rd period - Off-side.
11:36 of 3rd period - Garrett Wilson wins face-off versus Zack Smith in neutral zone.
11:40 of 3rd period - Penalty to Ben Hanowski is over, Ben Hanowski is back on ice.
11:41 of 3rd period - Icing by Bobby Sanguinetti.
11:42 of 3rd period - Zack Smith wins face-off versus Greg McKegg in Carnivores zone.
11:50 of 3rd period - Off-side.
11:51 of 3rd period - Greg McKegg wins face-off versus Mikael Granlund in neutral zone.
11:53 of 3rd period - Major / Game Misconduct Penalty to Mattias Tedenby for Attempt to injure.
11:53 of 3rd period - Mattias Tedenby is ejected from game.
11:54 of 3rd period - Petr Pohl wins face-off versus Anton Gustafsson in Tamiflu zone.
13:02 of 3rd period - Greg McKegg is hit by Phil Oreskovic and loses puck.
14:50 of 3rd period - Icing by Blake Geoffrion.
14:51 of 3rd period - Mikael Granlund wins face-off versus Philippe Dupuis in Carnivores zone.
16:53 of 3rd period - Penalty to Mattias Tedenby is over, Ben Hanowski is send on ice.
17:09 of 3rd period - Icing by Bobby Sanguinetti.
17:10 of 3rd period - Nino Niederreiter wins face-off versus Anton Gustafsson in Carnivores zone.
17:21 of 3rd period - Slapshot by John Moore.
17:21 of 3rd period - Stopped by Mike McKenna with a rebound.
18:00 of 3rd period - Slapshot by Zach Trotman.
18:00 of 3rd period - Shot Misses the Net.
18:02 of 3rd period - Snap shot by Garrett Wilson.
18:02 of 3rd period - Shot Misses the Net.
18:15 of 3rd period - Icing by Sasha Pokulok.
18:16 of 3rd period - Vaclav Varada wins face-off versus Casey Wellman in Carnivores zone.
18:55 of 3rd period - Minor Penalty to Nino Niederreiter for Goalie Interference.
18:56 of 3rd period - Blake Geoffrion wins face-off versus Petr Pohl in Tamiflu zone.
18:56 of 3rd period - Snap shot by Mikael Granlund.
18:56 of 3rd period - Shot Misses the Net.
18:58 of 3rd period - Slapshot by Chris Lawrence.
18:58 of 3rd period - Shot Misses the Net.
19:00 of 3rd period - Wrist shot by Chris Lawrence.
19:00 of 3rd period - Shot Misses the Net.
19:02 of 3rd period - Snap shot by Mikael Granlund.
19:02 of 3rd period - Shot Misses the Net.
19:04 of 3rd period - Snap shot by Bobby Sanguinetti.
19:04 of 3rd period - Stopped by Mike McKenna without a rebound.
19:05 of 3rd period - Petr Pohl wins face-off versus Mikael Granlund in Tamiflu zone.
Goals for this period are 0 for Carnivores vs 0 for Tamiflu.
Shots for this period are 12 for Carnivores vs 9 for Tamiflu.
Back to the Top